 Dungeon Crawl Stone Soup version 0.17-a0-1562-g9b2c768 (webtiles) character file.

243 namelastname112 the Poker (level 5, -3/46 HPs)
             Began as a Draconian Skald on July 20, 2015.
             Shot with an arrow by a centaur (12 damage)
             ... on level 3 of the Dungeon.
             The game lasted 00:03:28 (1682 turns).

namelastname112 the Poker (Draconian Skald)         Turns: 1682, Time: 00:03:29

Health: -3/46      AC:  6    Str: 15    XL:     5   Next: 82%
Magic:  17/17      EV: 12    Int: 12    God:
Gold:   140        SH:  0    Dex: 11    Spells: 1 memorised, 7 levels left

rFire  . . .     SeeInvis .     a - +0 spear
rCold  . . .     Clarity  .     (armour unavailable)
rNeg   . . .     SustAt   .     (no shield)
rPois  .         Gourm    .     (helmet restricted)
rElec  .         Spirit   .     t - +0 cloak
rCorr  .         Warding  .     (no gloves)
rMut   .         Stasis   .     (no boots)
MR     .....                    (no amulet)
Stlth  +.........               (no ring)
                                j - ring of magical power

@: not resistant to hostile enchantments, very unstealthy
A: unfitting armour, cold-blooded, AC +5
a: no special abilities


You were on level 3 of the Dungeon.
You were near starving.

You visited 1 branch of the dungeon, and saw 3 of its levels.

You collected 140 gold pieces.

Inventory:

Hand weapons
 a - a +0 spear (weapon)
Missiles
 w - 7 needles of confusion
Armour
 t - a +0 cloak (worn)
Jewellery
 j - a ring of magical power (left hand)
Scrolls
 d - 2 scrolls of remove curse {unknown}
 e - 2 scrolls of enchant weapon {unknown}
 g - a scroll of random uselessness {unknown}
 l - 2 scrolls of teleportation {unknown}
 n - a scroll of immolation {unknown}
 o - 2 scrolls of identify {unknown}
 x - a scroll of recharging {unknown}
Potions
 f - a potion of curing {unknown}
 h - 3 potions of might {unknown}
 i - 2 potions of agility {unknown}
 m - 2 potions of cancellation {unknown}
 p - a potion of haste
 q - 2 potions of experience {unknown}
 r - a potion of heal wounds {unknown}
 u - 2 potions of flight {unknown}
 v - a potion of ambrosia {unknown}
Books
 b - a book of Battle

   Spells                             Type                      Level
   a - Infusion                       Charms                       1
   b - Shroud of Golubria             Charms/Translocation         2
   c - Song of Slaying                Charms                       2
   d - Spectral Weapon                Hexes/Charms                 3
   e - Regeneration                   Charms/Necromancy            3
Comestibles
 c - 4 bread rations
 k - a beef jerky
 s - a meat ration


   Skills:
 + Level 4.0 Fighting
 * Level 4.0 Polearms
 + Level 1.7 Throwing
 + Level 2.6 Dodging
 - Level 2.0 Spellcasting
 - Level 2.6 Charms


You had 7 spell levels left.
You knew the following spells:

 Your Spells              Type           Power        Failure   Level  Hunger
a - Infusion              Chrm           #.....       12%         1    ##.....


Dungeon Overview and Level Annotations

Branches:
Dungeon (3/15)

Altars:


Innate Abilities, Weirdness & Mutations

Your plain brown scales are hard (AC +5).
Your body does not fit into most forms of armour.
You are cold-blooded and may be slowed by cold attacks.


Message History

You see here 14 arrows of flame.
Key pressed, stopping explore.
You see here a war axe.
x - a scroll labeled DARUSO ZOECW A centaur comes into view.
A centaur is nearby!
The centaur wields a runed shortbow.
The centaur shoots an arrow.
The arrow completely misses you.
The centaur shoots an arrow.
The arrow hits you!
The centaur shoots an arrow.
The arrow hits you.
Found a war axe.
You see here an arrow.
The centaur shoots an arrow.
The arrow closely misses you.
The centaur shoots an arrow.
The arrow hits you!
* * * LOW HITPOINT WARNING * * *
x2 You see here an arrow.
A goblin comes into view. It is wielding a dagger.
The goblin shouts!
The centaur shoots an arrow.
The arrow hits you!
You die...

. ...#.#......... .#.
#...#..#.)..## ...
###....##....## #..
..##..^.##...... #..
#..............#
#..##.##...........#
###.#c.....##........#
#)........##..#.......
#....@.......####.....
#.....(...### #.....
#....##.....# ####.....
##........(.#
##.##.....
#..##...%..###..[#.....
..
........((.#......... g
...#######..#....#####
... #..)....# # ..
###....#### #


You could see a centaur and a goblin.

Vanquished Creatures
  Sigmund (D:2)
  Terence (D:2)
  An adder (D:2)
  3 oozes (D:1)
  6 bats
  3 giant cockroaches (D:1)
  4 goblins
  6 hobgoblins
  3 jackals (D:1)
  2 ball pythons
  A giant gecko (D:1)
  6 giant newts
  6 kobolds
  2 rats
45 creatures vanquished.

Notes
Turn   | Place    | Note
--------------------------------------------------------------
     0 | D:1      | namelastname112 the Draconian Skald began the quest for the Orb.
     0 | D:1      | Reached XP level 1. HP: 17/17 MP: 3/3
   235 | D:1      | Reached XP level 2. HP: 11/25 MP: 5/5
   499 | D:1      | Reached XP level 3. HP: 24/30 MP: 6/6
   744 | D:2      | Reached skill level 3 in Fighting
   992 | D:2      | Noticed Sigmund
  1004 | D:2      | Killed Sigmund
  1004 | D:2      | Reached skill level 1 in Throwing
  1004 | D:2      | Reached XP level 4. HP: 37/40 MP: 7/7
  1004 | D:2      | Reached XP level 5. HP: 42/46 MP: 8/8
  1265 | D:2      | Noticed Terence
  1291 | D:2      | Killed Terence
  1291 | D:2      | Reached skill level 4 in Fighting
  1678 | D:3      | Noticed a centaur
  1682 | D:3      | Shot with an arrow by a centaur

Vault maps used:
D:1:      dpeg_arrival_pits, minmay_hedge_maze, minmay_unequal
D:2:      kennysheep_six_static_rooms, uniq_terence, uniq_sigmund
D:3:      first_bread, minmay_goblin_outpost, uniq_natasha

Action                   |  1- 3 |  4- 6 || total
-------------------------+-------+-------++-------
Melee: Spear             |   172 |    59 ||   231
 Cast: Infusion          |     1 |     1 ||     2
  Eat: Chunk             |       |     1 ||     1
